 Dungeon Crawl Stone Soup version 0.31-a0-198-g2ad674f65e (webtiles) character file.

Game seed: 11877998560320113158

223 qw the Skirmisher (level 5, -2/30 HPs)
             Began as a Deep Elf Hunter on June 25, 2023.
             Slain by a goblin
             ... wielding a +0 rapier
              (5 damage)
             ... on level 3 of the Dungeon.
             The game lasted 00:00:47 (2306 turns).

qw the Skirmisher (Deep Elf Hunter)                 Turns: 2306, Time: 00:00:47

Health: -2/30      AC:  5    Str: 10    XL:     5   Next: 66%
Magic:  7/7        EV: 12    Int: 14    God:
Gold:   69         SH:  0    Dex: 18    Spells: 4/4 levels left

rFire   . . .        Y - +0 shortbow
rCold   . . .        (shield currently unavailable)
rNeg    + . .        g - +0 ring mail
rPois   .            (no helmet)
rElec   .            (no cloak)
rCorr   .            (no gloves)
SInv    .            (no boots)
Will    .....        (no amulet)
Stlth   ++           e - ring of positive energy
HPRegen 0.25/turn    (no ring)
MPRegen 0.10/turn

%: clarity
@: no status effects
A: clarity, sense surroundings 1, sturdy frame 1
a: no special abilities


You were on level 3 of the Dungeon.
You visited 1 branch of the dungeon, and saw 3 of its levels.

You collected 69 gold pieces.


Innate Abilities, Weirdness & Mutations

You possess an exceptional clarity of mind.
You passively map a small area around you.
Your movements are slightly less encumbered by armour. (ER -2)


   Skills:
 - Level 2.0 Fighting
 + Level 9.0 Ranged Weapons
 - Level 2.4 Dodging
 - Level 1.2 Stealth


You had 4 spell levels left.
You didn't know any spells.
Your spell library was empty.

Inventory:

Hand Weapons
 Y - a +0 shortbow (weapon)
Armour
 g - a +0 ring mail (worn)
Jewellery
 e - a ring of positive energy (left hand)
Scrolls
 a - 2 scrolls of identify
Potions
 b - a potion of heal wounds {unknown}
 d - a potion of mutation
 f - a potion of enlightenment {unknown}
 h - 2 potions of curing {unknown}

Dungeon Overview and Level Annotations

Branches:
Dungeon (3/15)

Altars:


Message History

The quokka is heavily wounded.
The quokka bites you. The goblin barely misses you.
You shoot an arrow. The arrow hits the quokka.
The quokka is almost dead.
The quokka closely misses you. The goblin barely misses you.
The quokka bites you.
You shoot an arrow. The arrow completely misses the quokka.
An endoplasm comes into view.
The quokka bites you.
You shoot an arrow.
The arrow hits the quokka but does no damage.
The quokka is almost dead.
The quokka bites you. The goblin closely misses you.
The ball python bites you but does no damage.
The ball python grabs you. The ball python constricts you.
You shoot an arrow. The arrow hits the ball python.
You kill the ball python!
The quokka misses you.
A goblin comes into view. It is wielding a +0 club.
The goblin hits you but does no damage.
You shoot an arrow. The arrow closely misses the quokka.
The quokka closely misses you. The goblin closely misses you.
The goblin hits you with a +0 dagger. The quokka closely misses you.
You shoot an arrow. The arrow hits the quokka!
You kill the quokka!
The goblin hits you with a +0 rapier. The goblin hits you with a +0 dagger.
Your Fighting skill increases to level 2!
You shoot an arrow. The arrow hits the endoplasm.
The endoplasm is moderately wounded.
The endoplasm hits you but does no damage.
The goblin hits you with a +0 rapier. The goblin barely misses you.
You shoot an arrow. The arrow hits the endoplasm!
You kill the endoplasm!
The goblin closely misses you. The goblin hits you with a +0 dagger.
An endoplasm comes into view.
You shoot an arrow. The arrow barely misses the goblin.
The goblin hits you with a +0 rapier.
The goblin hits you but does no damage. x2
You shoot an arrow. The arrow barely misses the goblin.
The goblin hits you with a +0 rapier.
You die...

#.:#..* * * , ,
, #)##.# ,..#
.## #.#..# ..
..# #.#..# ,
,[.#..# #....#
....# #....#,
,,.J..# #....##
#Kr#* *
#.....######gg#
##.........g@#
**
#..###....###,
* #... ######
#..#.,, , *
##.. , , * *
##* ** , , , *
*


You could see an endoplasm, 3 goblins, a kobold and a rat.

Vanquished Creatures
  A hound (D:3)
  Terence (D:3)
  Natasha (thrice) (D:2)
  3 adders
  3 worms (D:2)
  A dart slug (D:1)
  6 endoplasms
  A giant cockroach (D:1)
  3 goblins
  5 hobgoblins
  3 jackals (D:3)
  4 kobolds
  4 quokkas
  7 ball pythons
  8 bats
  A frilled lizard (D:1)
  4 rats
58 creatures vanquished.

Notes
Turn   | Place    | Note
-------+----------+-------------------------------------------
     0 | D:1      | qw the Deep Elf Hunter began the quest for the Orb.
     0 | D:1      | Reached XP level 1. HP: 12/12 MP: 3/3
     0 | D:1      | 0 ||| qw: Version: 0.3-a-22-g0ed2b0b
     0 | D:1      | 0 ||| qw: Game counter: 4962
     0 | D:1      | 0 ||| qw: Melee chars always use a shield: true
     0 | D:1      | 0 ||| qw: God list: Okawaru
     0 | D:1      | 0 ||| qw: Allow faded altars: false
     0 | D:1      | 0 ||| qw: Do Orc after clearing Dungeon:15 true
     0 | D:1      | 0 ||| qw: Do second Lair branch before Depths: true
     0 | D:1      | 0 ||| qw: Lair rune preference: random
     0 | D:1      | 0 ||| qw: Goals: Normal
     0 | D:1      | 0 ||| PLANNING D:1-11
   240 | D:1      | Reached XP level 2. HP: 16/16 MP: 4/4
   243 | D:1      | Reached skill level 6 in Ranged Weapons
   906 | D:1      | 906 ||| READING 2 scrolls labelled EXEOMY NUENASE.
   907 | D:1      | 907 ||| READING scroll labelled ULECAI LAFECK.
   908 | D:1      | 908 ||| READING scroll labelled EFAGHI NUNEMI.
  1009 | D:1      | 1009 ||| READING scroll labelled SAFIETRAJE.
  1010 | D:1      | 1010 ||| DRINKING 2 metallic inky potions.
  1010 | D:1      | Gained mutation: You possess an exceptional clarity of
                  | mind. [potion of mutation]
  1010 | D:1      | Gained mutation: You passively map a small area around you.
                  | [potion of mutation]
  1010 | D:1      | Gained mutation: Your movements are slightly less
                  | encumbered by armour. (ER -2) [potion of mutation]
  1011 | D:1      | 1011 ||| DROPPING scroll of butterflies.
  1061 | D:2      | Reached XP level 3. HP: 20/20 MP: 5/5
  1110 | D:2      | Noticed Natasha
  1112 | D:2      | Killed Natasha
  1113 | D:2      | Reached skill level 7 in Ranged Weapons
  1189 | D:2      | Reached XP level 4. HP: 17/25 MP: 6/6
  1367 | D:2      | Noticed Natasha
  1370 | D:2      | Killed Natasha
  1401 | D:2      | Noticed Natasha
  1408 | D:2      | Killed Natasha
  1409 | D:2      | Reached skill level 8 in Ranged Weapons
  1539 | D:2      | Reached XP level 5. HP: 29/29 MP: 7/7
  2010 | D:2      | 2010 ||| UPGRADING to +0 ring mail.
  2020 | D:2      | 2020 ||| DROPPING +0 leather armour.
  2021 | D:2      | 2021 ||| UPGRADING to ring of positive energy.
  2022 | D:2      | 2022 ||| READING scroll labelled LOSTRU KAXTE.
  2023 | D:2      | 2023 ||| READING scroll labelled BIFYNN EXKUCZO.
  2077 | D:3      | Noticed Terence
  2094 | D:3      | Killed Terence
  2095 | D:3      | Reached skill level 9 in Ranged Weapons
  2148 | D:3      | Found a faded altar of an unknown god.
  2268 | D:3      | Identified the +1 hand axe of the Usurping Asp {venom,
                  | *Corrode Fly Int+5}
  2303 | D:3      | HP: 5/30 [goblin/+0 rapier (3)]
  2306 | D:3      | Slain by a goblin

Levels and vault maps discovered:
D:1:      nagdon_arrival_zigzag_paths, layout_basic
D:2:      layout_basic, uniq_natasha
D:3:      layout_basic, shapermc_ecumenical_altar_starsandcircs,
          minmay_misc_feat_iff, grunt_decor_mini_mirrors,
          minmay_randomly_rotated_circles, uniq_terence

Skill      XL: |  1  2  3  4  5 |
---------------+----------------+-----
Ranged Weapons | 6 7 8 9 |  9.0
Fighting       | 2 |  2.0
Dodging        | |  2.4
Stealth        | |  1.2

Action                     |  1- 3 |  4- 6 || total
---------------------------+-------+-------++-------
   Fire: Shortbow          |    81 |    98 ||   179
    Use: Scroll            |     4 |     2 ||     6
         Potion            |     1 |       ||     1
 Armour: Leather armour    |     4 |     1 ||     5
         Ring mail         |       |    15 ||    15
  Dodge: Dodged            |    21 |    59 ||    80

Table legend:
 A = Non-vault XP
 B = Vault XP
 C = Vault XP percentage of total XP
 D = Non-vault monster count
 E = Vault monster count
 F = Vault count percentage of total count
                 A         B        C        D         E       F
            +---------+---------+-------+---------+---------+-------
      Total |     227 |      92 |  28.8 |      51 |       7 |  12.1
            +---------+---------+-------+---------+---------+-------
        D:1 |      37 |       0 |   0.0 |      22 |       0 |   0.0
        D:2 |     133 |      35 |  20.8 |      20 |       1 |   4.8
        D:3 |      57 |      57 |  50.0 |       9 |       6 |  40.0
            +---------+---------+-------+---------+---------+-------
